[ AOE2 MATCH · #471425809 ]
Team RMCelts vs Persians
[ REPLAY ANALYSIS · EXTRACTED FROM THE RECORDED GAME ]
Feudal
11:11
Castle
16:35
Imperial
—
| APM avg | 36.5 |
| APM peak | 78 |
| eAPM avg | 12.8 |
| Villagers / military | 60 / 19 |
Focus
⚔️ 13.7% · 🌾 86.3%
Woad Raider ×18 · Mangonel ×1
Feudal
—
Castle
—
Imperial
—
| APM avg | 20.6 |
| APM peak | 46 |
| eAPM avg | 13.0 |
| Villagers / military | 90 / 17 |
Focus
⚔️ 14.2% · 🌾 85.8%
Coustillier ×13 · Spearman ×4
Feudal
—
Castle
—
Imperial
—
| APM avg | 36.4 |
| APM peak | 68 |
| eAPM avg | 17.2 |
| Villagers / military | 57 / 37 |
Focus
⚔️ 30.7% · 🌾 69.3%
Archer ×24 · Spearman ×9 · Militia ×4
Feudal
13:35
Castle
25:32
Imperial
—
| APM avg | 15.7 |
| APM peak | 66 |
| eAPM avg | 9.2 |
| Villagers / military | 71 / 16 |
Focus
⚔️ 15.5% · 🌾 84.5%
Scout Cavalry ×11 · Spearman ×5
Feudal
9:37
Castle
24:18
Imperial
—
| APM avg | 21.3 |
| APM peak | 72 |
| eAPM avg | 10.3 |
| Villagers / military | 62 / 26 |
Focus
⚔️ 22.6% · 🌾 77.4%
Steppe Lancer ×15 · Spearman ×6 · Scout Cavalry ×5
Feudal
—
Castle
—
Imperial
—
| APM avg | 20.6 |
| APM peak | 44 |
| eAPM avg | 10.6 |
| Villagers / military | 68 / 15 |
Focus
⚔️ 19.1% · 🌾 80.9%
Knight ×6 · Scout Cavalry ×6 · Camel Scout ×2 · Monk ×1
Feudal
13:25
Castle
27:58
Imperial
—
| APM avg | 43.6 |
| APM peak | 143 |
| eAPM avg | 20.7 |
| Villagers / military | 78 / 57 |
Focus
⚔️ 47.5% · 🌾 52.5%
Archer ×52 · Spearman ×3 · Mangonel ×2
Feudal
14:43
Castle
—
Imperial
—
| APM avg | 9.8 |
| APM peak | 85 |
| eAPM avg | 6.7 |
| Villagers / military | 31 / 0 |
Focus
⚔️ 5.8% · 🌾 94.2%
Match map
Initial resources + every placement click. Lines = walls · curves = elevation contours. ◆ gold · ⬟ stone · ● berries · ✦ relic · ◌ wall gap
Your base· Open — unwalled flank
GERMANICO7222's base· Open — 4t gap
Prixmastx's base· Open — unwalled flank
borraznajera's base· Open — unwalled flank
ElBalma's base· Open — 6t gap
Saul carvajal 9's base· Open — unwalled flank
DSLG zlMataMoscaslz's base· Open — unwalled flank
Deer in an Ibex Suit's base· Open — unwalled flank
Smoothed initial terrain · ◌ = detected wall gap · hover for details
Inputs per minute
— yougetcs - - GERMANICO7222
Build order — yougetcs
145 actions detected in the replay
| 0:00 | Create | Villager (Male) |
| 0:01 | Create | Villager (Male) |
| 0:01 | Create | Villager (Male) |
| 0:02 | Build | House |
| 0:04 | Build | House |
| 0:18 | Create | Villager (Male) |
| 0:18 | Create | Villager (Male) |
| 1:25 | Create | Villager (Male) |
| 1:25 | Create | Villager (Male) |
| 2:19 | Create | Villager (Male) |
| 2:19 | Create | Villager (Male) |
| 2:19 | Create | Villager (Male) |
| 2:48 | Create | Villager (Male) |
| 2:49 | Create | Villager (Male) |
| 2:51 | Create | Villager (Male) |
| 2:51 | Create | Villager (Male) |
| 2:54 | Build | Lumber Camp |
| 3:40 | Build | House |
| 4:00 | Create | Villager (Male) |
| 4:00 | Create | Villager (Male) |
| 4:00 | Create | Villager (Male) |
| 4:11 | Create | Villager (Male) |
| 4:11 | Create | Villager (Male) |
| 4:32 | Build | House |
| 4:49 | Create | Villager (Male) |
| 4:49 | Create | Villager (Male) |
| 4:49 | Create | Villager (Male) |
| 5:44 | Build | Mill |
| 6:07 | Create | Villager (Male) |
| 6:08 | Create | Villager (Male) |
| 6:53 | Create | Villager (Male) |
| 6:58 | Build | Farm |
| 7:02 | Build | Farm |
| 7:09 | Build | Farm |
| 7:17 | Build | Farm |
| 7:35 | Create | Villager (Male) |
| 7:51 | Create | Villager (Male) |
| 9:01 | Research | Feudal Age |
| 9:01 | Research | Feudal Age |
| 9:14 | Build | Mining Camp |
| 10:23 | Build | Farm |
| 10:24 | Build | Farm |
| 10:26 | Build | Farm |
| 10:30 | Build | Farm |
| 10:34 | Build | Farm |
| 11:11 | Age | Feudal Age |
| 11:27 | Research | Loom |
| 12:08 | Build | Market |
| 12:18 | Build | Blacksmith |
| 12:48 | Build | Mining Camp |
| 12:53 | Build | Mining Camp |
| 13:42 | Build | Stone Wall |
| 13:55 | Research | Castle Age |
| 13:55 | Research | Castle Age |
| 14:10 | Research | Horse Collar |
| 14:25 | Build | House |
| 14:35 | Research | Double-Bit Axe |
| 14:36 | Research | Double-Bit Axe |
| 15:17 | Build | Stone Wall |
| 15:34 | Build | House |
| 15:36 | Build | House |
| 15:39 | Build | House |
| 15:40 | Build | House |
| 15:41 | Build | House |
| 15:45 | Build | House |
| 16:30 | Build | Farm |
| 16:35 | Age | Castle Age |
| 16:38 | Create | Villager (Male) |
| 16:39 | Create | Villager (Male) |
| 17:01 | Build | Palisade Wall |
| 17:06 | Build | Palisade Gate |
| 17:10 | Build | Palisade Wall |
| 17:17 | Create | Villager (Male) |
| 17:17 | Create | Villager (Male) |
| 17:17 | Create | Villager (Male) |
| 17:17 | Create | Villager (Male) |
| 17:18 | Create | Villager (Male) |
| 17:18 | Create | Villager (Male) |
| 17:18 | Create | Villager (Male) |
| 17:33 | Build | Castle |
| 17:48 | Build | Farm |
| 18:12 | Create | Villager (Male) |
| 18:13 | Create | Villager (Male) |
| 18:13 | Create | Villager (Male) |
| 18:13 | Create | Villager (Male) |
| 18:49 | Research | Bow Saw |
| 18:49 | Research | Bow Saw |
| 19:26 | Build | Siege Workshop |
| 19:57 | Create | Villager (Male) |
| 19:58 | Create | Villager (Male) |
| 19:58 | Create | Villager (Male) |
| 20:20 | Build | Lumber Camp |
| 20:29 | Create | Villager (Male) |
| 20:30 | Create | Villager (Male) |
| 20:30 | Create | Villager (Male) |
| 20:30 | Create | Villager (Male) |
| 21:05 | Build | Town Center |
| 21:15 | Create | Woad Raider |
| 21:33 | Build | Farm |
| 22:01 | Build | Farm |
| 22:01 | Build | Farm |
| 22:09 | Create | Villager (Male) |
| 22:10 | Create | Villager (Male) |
| 22:15 | Create | Woad Raider |
| 22:16 | Create | Woad Raider |
| 22:16 | Create | Woad Raider |
| 22:38 | Create | Woad Raider |
| 22:38 | Create | Woad Raider |
| 22:48 | Create | Woad Raider |
| 22:48 | Create | Woad Raider |
| 22:54 | Create | Mangonel |
| 23:31 | Create | Woad Raider |
| 23:31 | Create | Woad Raider |
| 23:31 | Create | Woad Raider |
| 24:23 | Create | Villager (Male) |
| 24:24 | Create | Villager (Male) |
| 24:24 | Create | Villager (Male) |
| 24:25 | Create | Villager (Male) |
| 25:02 | Create | Woad Raider |
| 25:02 | Create | Woad Raider |
| 25:02 | Create | Woad Raider |
| 25:02 | Create | Woad Raider |
| 25:59 | Create | Villager (Male) |
| 25:59 | Create | Villager (Male) |
| 26:00 | Create | Villager (Male) |
| 26:00 | Create | Villager (Male) |
| 26:00 | Create | Villager (Male) |
| 26:41 | Build | Town Center |
| 26:58 | Build | University |
| 27:01 | Build | Monastery |
| 27:04 | Create | Villager (Male) |
| 27:04 | Create | Villager (Male) |
| 27:34 | Create | Woad Raider |
| 27:35 | Create | Woad Raider |
| 27:35 | Create | Woad Raider |
| 29:07 | Build | Barracks |
| 29:33 | Research | Imperial Age |
| 29:37 | Build | Farm |
| 29:38 | Build | Farm |
| 29:39 | Build | Farm |
| 29:45 | Build | Farm |
| 29:49 | Build | Farm |
| 29:57 | Build | Farm |
| 30:10 | Build | Barracks |
| 30:12 | Build | Barracks |
Build order — GERMANICO7222
First 150 of 209 actions detected
| 0:04 | Build | House |
| 0:05 | Build | House |
| 0:06 | Create | Villager (Male) |
| 0:07 | Create | Villager (Male) |
| 0:07 | Create | Villager (Male) |
| 0:08 | Create | Villager (Male) |
| 0:08 | Create | Villager (Male) |
| 1:38 | Create | Villager (Male) |
| 2:19 | Create | Villager (Male) |
| 2:24 | Create | Villager (Male) |
| 3:04 | Create | Villager (Male) |
| 3:29 | Create | Villager (Male) |
| 3:38 | Build | House |
| 3:39 | Build | House |
| 3:45 | Create | Villager (Male) |
| 4:02 | Create | Villager (Male) |
| 4:18 | Build | Mill |
| 4:40 | Create | Villager (Male) |
| 5:01 | Build | Mill |
| 5:08 | Create | Villager (Male) |
| 5:22 | Build | Lumber Camp |
| 5:30 | Create | Villager (Male) |
| 6:04 | Create | Villager (Male) |
| 6:05 | Create | Villager (Male) |
| 6:30 | Create | Villager (Male) |
| 6:52 | Create | Villager (Male) |
| 6:53 | Create | Villager (Male) |
| 7:14 | Create | Villager (Male) |
| 7:43 | Create | Villager (Male) |
| 7:51 | Build | Lumber Camp |
| 7:53 | Create | Villager (Male) |
| 8:37 | Create | Villager (Male) |
| 8:37 | Create | Villager (Male) |
| 8:40 | Research | Double-Bit Axe |
| 9:14 | Build | House |
| 9:19 | Research | Loom |
| 9:21 | Create | Villager (Male) |
| 9:22 | Create | Villager (Male) |
| 9:26 | Create | Villager (Male) |
| 10:06 | Build | Farm |
| 10:07 | Build | Farm |
| 10:07 | Build | Farm |
| 10:07 | Build | Farm |
| 10:07 | Build | Farm |
| 10:38 | Research | Feudal Age |
| 10:40 | Build | Mining Camp |
| 11:03 | Build | Farm |
| 11:07 | Build | Farm |
| 11:32 | Build | Farm |
| 11:38 | Research | Horse Collar |
| 11:45 | Build | Farm |
| 11:47 | Build | Farm |
| 12:03 | Build | House |
| 12:07 | Build | House |
| 12:17 | Build | Farm |
| 12:29 | Build | Palisade Wall |
| 12:42 | Build | Palisade Gate |
| 12:45 | Build | Palisade Wall |
| 12:59 | Build | Farm |
| 13:04 | Build | Farm |
| 13:07 | Build | House |
| 13:10 | Create | Villager (Male) |
| 13:11 | Create | Villager (Male) |
| 13:47 | Create | Villager (Male) |
| 13:51 | Build | Farm |
| 13:52 | Build | Farm |
| 13:56 | Build | Farm |
| 14:02 | Build | Palisade Wall |
| 14:11 | Build | Palisade Wall |
| 14:16 | Create | Villager (Male) |
| 14:18 | Build | Farm |
| 14:22 | Build | Farm |
| 14:33 | Build | Barracks |
| 14:39 | Create | Villager (Male) |
| 14:39 | Create | Villager (Male) |
| 14:54 | Create | Villager (Male) |
| 15:34 | Create | Spearman |
| 15:34 | Create | Spearman |
| 15:34 | Create | Spearman |
| 15:40 | Build | Farm |
| 15:51 | Build | House |
| 15:52 | Build | House |
| 15:59 | Create | Villager (Male) |
| 15:59 | Create | Villager (Male) |
| 16:10 | Build | Market |
| 16:13 | Build | Blacksmith |
| 16:21 | Create | Villager (Male) |
| 16:27 | Create | Spearman |
| 16:55 | Build | Farm |
| 16:57 | Build | Farm |
| 16:58 | Build | Farm |
| 17:03 | Create | Villager (Male) |
| 17:12 | Build | Mill |
| 17:13 | Build | Farm |
| 17:33 | Build | Farm |
| 17:48 | Research | Castle Age |
| 18:44 | Build | Mining Camp |
| 18:46 | Research | Gold Mining |
| 18:48 | Research | Stone Mining |
| 18:52 | Research | Bow Saw |
| 20:05 | Build | House |
| 20:07 | Build | House |
| 20:18 | Build | Stone Wall |
| 20:25 | Build | House |
| 20:34 | Create | Villager (Male) |
| 20:35 | Create | Villager (Male) |
| 20:36 | Create | Villager (Male) |
| 20:41 | Build | Town Center |
| 20:48 | Create | Villager (Male) |
| 20:50 | Create | Villager (Male) |
| 21:32 | Build | Gate |
| 21:38 | Create | Villager (Male) |
| 22:13 | Build | Castle |
| 22:20 | Create | Villager (Male) |
| 22:20 | Create | Villager (Male) |
| 22:22 | Create | Villager (Male) |
| 22:24 | Research | Wheelbarrow |
| 22:41 | Build | House |
| 22:42 | Build | House |
| 23:08 | Create | Villager (Male) |
| 23:09 | Create | Villager (Male) |
| 23:10 | Create | Villager (Male) |
| 23:11 | Create | Villager (Male) |
| 23:36 | Create | Villager (Male) |
| 23:36 | Create | Villager (Male) |
| 24:05 | Create | Villager (Male) |
| 24:06 | Create | Villager (Male) |
| 24:55 | Create | Villager (Male) |
| 24:57 | Create | Villager (Male) |
| 24:58 | Create | Villager (Male) |
| 25:00 | Create | Villager (Male) |
| 25:00 | Research | Hand Cart |
| 25:04 | Build | Farm |
| 25:23 | Build | Town Center |
| 25:46 | Create | Villager (Male) |
| 25:47 | Create | Villager (Male) |
| 26:01 | Build | Stone Wall |
| 26:11 | Create | Villager (Male) |
| 26:12 | Create | Villager (Male) |
| 26:12 | Create | Villager (Male) |
| 26:13 | Create | Villager (Male) |
| 26:14 | Create | Villager (Male) |
| 26:14 | Create | Villager (Male) |
| 26:15 | Create | Villager (Male) |
| 26:15 | Create | Villager (Male) |
| 26:17 | Research | Town Watch |
| 26:23 | Create | Coustillier |
| 26:24 | Create | Coustillier |
| 26:24 | Create | Coustillier |
| 26:24 | Create | Coustillier |
Build order — Prixmastx
First 150 of 165 actions detected
| 0:04 | Create | Villager (Male) |
| 0:04 | Create | Villager (Male) |
| 0:04 | Create | Villager (Male) |
| 0:05 | Build | House |
| 0:07 | Build | House |
| 0:39 | Create | Villager (Male) |
| 1:52 | Create | Villager (Male) |
| 2:22 | Create | Villager (Male) |
| 2:35 | Build | Lumber Camp |
| 2:40 | Create | Villager (Male) |
| 3:10 | Create | Villager (Male) |
| 3:29 | Create | Villager (Male) |
| 3:57 | Create | Villager (Male) |
| 4:18 | Create | Villager (Male) |
| 4:32 | Build | Mill |
| 4:48 | Create | Villager (Male) |
| 4:48 | Create | Villager (Male) |
| 5:32 | Create | Villager (Male) |
| 5:35 | Build | House |
| 5:41 | Research | Loom |
| 5:41 | Research | Loom |
| 5:44 | Build | House |
| 5:53 | Create | Villager (Male) |
| 6:18 | Create | Villager (Male) |
| 7:06 | Build | Barracks |
| 7:09 | Build | House |
| 7:29 | Create | Villager (Male) |
| 7:31 | Create | Villager (Male) |
| 7:31 | Create | Villager (Male) |
| 8:35 | Create | Villager (Male) |
| 8:54 | Build | Farm |
| 8:58 | Build | Farm |
| 9:23 | Research | Feudal Age |
| 9:35 | Build | Farm |
| 9:37 | Build | Farm |
| 9:48 | Create | Militia |
| 9:48 | Create | Militia |
| 10:22 | Create | Militia |
| 10:51 | Build | Farm |
| 10:55 | Build | Farm |
| 10:59 | Create | Militia |
| 11:20 | Create | Villager (Male) |
| 11:20 | Create | Villager (Male) |
| 11:39 | Research | Man-at-Arms (upgrade) |
| 11:41 | Research | Double-Bit Axe |
| 11:45 | Create | Villager (Male) |
| 12:01 | Create | Villager (Male) |
| 12:07 | Build | Archery Range |
| 12:12 | Create | Villager (Male) |
| 12:29 | Build | Mining Camp |
| 12:52 | Create | Villager (Male) |
| 13:08 | Create | Spearman |
| 13:30 | Create | Villager (Male) |
| 13:31 | Create | Archer |
| 13:31 | Create | Archer |
| 13:33 | Create | Archer |
| 13:34 | Create | Villager (Male) |
| 13:36 | Build | House |
| 13:49 | Build | House |
| 13:50 | Build | House |
| 13:51 | Build | House |
| 13:55 | Create | Villager (Male) |
| 14:00 | Create | Archer |
| 14:14 | Create | Spearman |
| 14:29 | Build | Farm |
| 15:02 | Create | Villager (Male) |
| 15:04 | Create | Spearman |
| 15:28 | Build | Palisade Gate |
| 15:31 | Build | Palisade Wall |
| 15:33 | Build | Palisade Wall |
| 15:35 | Build | Palisade Wall |
| 15:38 | Build | Palisade Wall |
| 15:45 | Build | Palisade Gate |
| 15:47 | Build | Palisade Wall |
| 16:00 | Create | Villager (Male) |
| 16:29 | Create | Villager (Male) |
| 16:36 | Build | Farm |
| 16:45 | Create | Spearman |
| 16:49 | Build | Farm |
| 16:51 | Create | Villager (Male) |
| 16:54 | Create | Villager (Male) |
| 17:24 | Create | Villager (Male) |
| 17:27 | Build | Market |
| 17:30 | Create | Villager (Male) |
| 17:31 | Build | Farm |
| 17:33 | Create | Villager (Male) |
| 17:37 | Build | Farm |
| 17:52 | Create | Villager (Male) |
| 18:02 | Create | Villager (Male) |
| 18:19 | Create | Villager (Male) |
| 18:20 | Create | Spearman |
| 18:21 | Create | Spearman |
| 18:39 | Create | Archer |
| 19:04 | Create | Villager (Male) |
| 19:05 | Create | Villager (Male) |
| 19:07 | Build | Farm |
| 20:07 | Create | Spearman |
| 20:08 | Create | Spearman |
| 20:12 | Create | Spearman |
| 20:16 | Build | Palisade Gate |
| 20:18 | Build | Palisade Wall |
| 20:24 | Build | Farm |
| 20:25 | Build | Farm |
| 20:50 | Build | Palisade Wall |
| 21:17 | Build | Blacksmith |
| 21:37 | Build | Palisade Wall |
| 21:39 | Build | Palisade Wall |
| 21:40 | Build | Palisade Wall |
| 21:42 | Build | Palisade Wall |
| 22:12 | Create | Villager (Male) |
| 22:20 | Research | Forging |
| 22:52 | Build | Farm |
| 22:57 | Create | Villager (Male) |
| 22:57 | Create | Villager (Male) |
| 23:36 | Research | Castle Age |
| 23:36 | Research | Castle Age |
| 23:39 | Create | Villager (Male) |
| 23:44 | Build | Archery Range |
| 23:50 | Research | Fletching |
| 24:02 | Create | Villager (Male) |
| 24:11 | Build | Farm |
| 24:13 | Build | Farm |
| 24:30 | Create | Archer |
| 24:30 | Create | Archer |
| 24:31 | Create | Archer |
| 24:34 | Research | Padded Archer Armor |
| 24:55 | Create | Villager (Male) |
| 25:00 | Create | Archer |
| 25:00 | Create | Archer |
| 25:01 | Create | Archer |
| 25:06 | Create | Archer |
| 25:23 | Build | Farm |
| 25:27 | Build | Palisade Wall |
| 25:30 | Build | Palisade Wall |
| 25:43 | Research | Wheelbarrow |
| 25:46 | Research | Gold Mining |
| 25:53 | Create | Archer |
| 25:53 | Create | Archer |
| 25:53 | Create | Archer |
| 25:59 | Create | Archer |
| 26:18 | Build | House |
| 26:21 | Build | House |
| 26:35 | Build | Town Center |
| 26:37 | Research | Bow Saw |
| 26:43 | Research | Crossbowman (upgrade) |
| 26:45 | Research | Bodkin Arrow |
| 26:50 | Create | Archer |
| 26:50 | Create | Archer |
| 26:57 | Create | Archer |
| 26:57 | Create | Archer |
Build order — borraznajera
135 actions detected in the replay
| 0:03 | Research | Loom |
| 0:04 | Create | Villager (Male) ×4 |
| 0:08 | Build | House |
| 0:09 | Build | House |
| 1:51 | Create | Villager (Male) |
| 2:22 | Create | Villager (Male) |
| 2:42 | Create | Villager (Male) |
| 2:42 | Create | Villager (Male) |
| 3:03 | Create | Villager (Male) |
| 3:03 | Create | Villager (Male) |
| 3:10 | Build | Lumber Camp |
| 3:21 | Build | House |
| 3:23 | Build | House |
| 3:23 | Build | House |
| 3:28 | Create | Villager (Male) |
| 3:52 | Create | Villager (Male) ×2 |
| 3:53 | Create | Villager (Male) ×2 |
| 4:32 | Create | Villager (Male) |
| 4:49 | Build | House |
| 4:59 | Create | Villager (Male) ×2 |
| 5:06 | Build | House |
| 5:08 | Build | House |
| 5:08 | Build | House |
| 5:09 | Build | House |
| 5:09 | Build | House |
| 5:09 | Build | House |
| 5:33 | Build | House |
| 5:41 | Create | Villager (Male) ×2 |
| 5:41 | Create | Villager (Male) ×2 |
| 5:53 | Build | Palisade Wall |
| 6:29 | Create | Villager (Male) ×2 |
| 6:29 | Create | Villager (Male) ×2 |
| 6:54 | Build | Mill |
| 6:54 | Build | Mill |
| 6:57 | Build | Mill |
| 7:32 | Build | Palisade Gate |
| 7:38 | Build | House |
| 7:39 | Build | House |
| 7:40 | Build | House |
| 7:40 | Build | House |
| 7:54 | Create | Villager (Male) ×2 |
| 7:57 | Build | Farm |
| 7:57 | Build | Farm |
| 8:40 | Create | Villager (Male) |
| 8:44 | Build | Farm |
| 8:44 | Build | Farm |
| 8:45 | Build | Farm |
| 8:45 | Build | Farm |
| 8:45 | Build | Farm |
| 8:45 | Build | Farm |
| 9:11 | Create | Villager (Male) ×2 |
| 9:50 | Create | Villager (Male) ×3 |
| 11:06 | Build | Farm |
| 11:25 | Research | Feudal Age |
| 11:46 | Build | Farm |
| 11:46 | Build | Farm |
| 11:46 | Build | Farm |
| 11:47 | Build | Farm |
| 11:47 | Build | Farm |
| 11:47 | Build | Farm |
| 11:49 | Build | Farm |
| 12:07 | Build | Mining Camp |
| 12:18 | Build | Barracks |
| 13:35 | Age | Feudal Age |
| 13:40 | Research | Gold Mining |
| 13:43 | Research | Wheelbarrow |
| 13:44 | Research | Town Watch |
| 13:47 | Research | Double-Bit Axe |
| 14:04 | Build | Watch Tower |
| 14:14 | Research | Stone Mining |
| 14:40 | Build | Blacksmith |
| 15:20 | Create | Villager (Male) ×5 |
| 15:34 | Research | Forging |
| 15:35 | Research | Scale Mail Armor |
| 16:45 | Build | Stable |
| 16:49 | Research | Scale Barding Armor |
| 17:10 | Build | Stable |
| 17:40 | Research | Bloodlines |
| 17:46 | Build | Farm |
| 17:52 | Create | Scout Cavalry ×5 |
| 17:53 | Create | Scout Cavalry ×5 |
| 18:13 | Build | Farm |
| 18:17 | Create | Scout Cavalry |
| 19:00 | Create | Villager (Male) ×5 |
| 19:54 | Build | Farm |
| 20:19 | Build | Farm |
| 20:19 | Build | Farm |
| 20:20 | Build | Farm |
| 20:20 | Build | Farm |
| 20:20 | Build | Farm |
| 20:21 | Build | Farm |
| 21:12 | Create | Villager (Male) ×5 |
| 21:14 | Build | Farm |
| 21:15 | Build | Farm |
| 21:15 | Build | Farm |
| 21:15 | Build | Farm |
| 21:16 | Build | Farm |
| 21:26 | Build | House |
| 21:28 | Build | House |
| 21:29 | Build | House |
| 21:29 | Build | House |
| 21:30 | Build | House |
| 21:38 | Research | Horse Collar |
| 22:52 | Research | Castle Age |
| 22:56 | Build | Farm |
| 23:17 | Build | Farm |
| 23:19 | Build | Farm |
| 24:09 | Research | Arson |
| 24:10 | Create | Spearman ×5 |
| 25:11 | Build | Market |
| 25:16 | Build | Farm |
| 25:32 | Age | Castle Age |
| 25:41 | Create | Villager (Male) ×5 |
| 25:41 | Create | Villager (Male) ×5 |
| 26:01 | Build | Town Center |
| 26:11 | Research | Iron Casting |
| 26:11 | Research | Chain Mail Armor |
| 26:23 | Research | Pikeman (upgrade) |
| 26:27 | Research | Chain Barding Armor |
| 27:17 | Build | House |
| 27:20 | Build | House |
| 27:21 | Build | House |
| 27:22 | Build | House |
| 27:22 | Build | House |
| 27:51 | Research | Hand Cart |
| 27:51 | Research | Town Patrol |
| 27:53 | Create | Villager (Male) ×2 |
| 28:27 | Research | Bow Saw |
| 28:49 | Create | Villager (Male) |
| 28:49 | Create | Villager (Male) |
| 28:56 | Create | Villager (Male) ×3 |
| 29:24 | Research | Squires |
| 29:26 | Research | Gambesons |
| 30:14 | Research | Stone Shaft Mining |
| 30:24 | Create | Villager (Male) ×5 |
Build order — ElBalma
First 150 of 155 actions detected
| 0:01 | Create | Villager (Male) |
| 0:01 | Create | Villager (Male) |
| 0:02 | Create | Villager (Male) |
| 0:02 | Create | Villager (Male) |
| 0:04 | Build | House |
| 0:05 | Build | House |
| 1:56 | Create | Villager (Male) |
| 2:08 | Build | Mill |
| 2:09 | Create | Villager (Male) |
| 2:24 | Create | Villager (Male) |
| 2:56 | Create | Villager (Male) |
| 3:18 | Create | Villager (Male) |
| 3:46 | Create | Villager (Male) |
| 4:18 | Create | Villager (Male) |
| 4:35 | Create | Villager (Male) |
| 4:40 | Build | Lumber Camp |
| 4:41 | Create | Villager (Male) |
| 5:01 | Research | Loom |
| 5:22 | Build | House |
| 5:25 | Create | Villager (Male) |
| 5:26 | Create | Villager (Male) |
| 6:24 | Build | Mill |
| 6:36 | Create | Villager (Male) |
| 7:27 | Research | Feudal Age |
| 8:35 | Build | House |
| 8:48 | Build | Barracks |
| 9:37 | Age | Feudal Age |
| 9:42 | Build | Stable |
| 9:44 | Create | Spearman |
| 10:01 | Create | Villager (Male) |
| 10:02 | Create | Villager (Male) |
| 10:12 | Build | Farm |
| 10:15 | Research | Double-Bit Axe |
| 10:19 | Build | Farm |
| 10:20 | Build | Farm |
| 10:29 | Create | Scout Cavalry |
| 10:29 | Create | Scout Cavalry |
| 10:30 | Create | Scout Cavalry |
| 10:37 | Create | Villager (Male) |
| 10:42 | Build | Farm |
| 11:07 | Build | Farm |
| 11:09 | Create | Villager (Male) |
| 11:22 | Build | Farm |
| 11:33 | Build | House |
| 11:50 | Build | Lumber Camp |
| 11:58 | Build | Palisade Wall |
| 11:59 | Build | Palisade Wall |
| 12:08 | Create | Spearman |
| 12:12 | Create | Scout Cavalry |
| 12:30 | Create | Scout Cavalry |
| 12:32 | Build | House |
| 12:36 | Build | Farm |
| 12:56 | Create | Villager (Male) |
| 13:03 | Build | Farm |
| 13:06 | Build | House |
| 13:09 | Build | House |
| 13:32 | Build | Farm |
| 13:34 | Build | Farm |
| 13:43 | Build | Farm |
| 13:58 | Create | Villager (Male) |
| 14:26 | Create | Villager (Male) |
| 14:30 | Build | Farm |
| 14:31 | Create | Villager (Male) |
| 14:47 | Create | Villager (Male) |
| 14:59 | Build | Farm |
| 15:25 | Create | Villager (Male) |
| 15:27 | Build | Farm |
| 15:56 | Create | Villager (Male) |
| 16:01 | Build | Blacksmith |
| 16:03 | Build | House |
| 16:21 | Create | Villager (Male) |
| 16:25 | Build | Farm |
| 16:28 | Create | Spearman |
| 16:28 | Create | Spearman |
| 16:40 | Build | Farm |
| 16:45 | Create | Villager (Male) |
| 16:46 | Create | Villager (Male) |
| 17:07 | Research | Forging |
| 17:38 | Create | Spearman |
| 17:38 | Create | Spearman |
| 17:41 | Build | Mining Camp |
| 17:46 | Create | Villager (Male) |
| 17:52 | Build | Palisade Gate |
| 17:54 | Build | House |
| 17:56 | Build | House |
| 18:22 | Build | House |
| 18:52 | Create | Villager (Male) |
| 19:25 | Create | Villager (Male) |
| 19:36 | Build | Market |
| 19:46 | Research | Gold Mining |
| 19:57 | Build | House |
| 20:23 | Research | Wheelbarrow |
| 21:03 | Build | Farm |
| 21:17 | Research | Castle Age |
| 22:20 | Build | Stable |
| 22:28 | Research | Bloodlines |
| 22:46 | Build | Stable |
| 22:55 | Build | House |
| 23:04 | Research | Scale Barding Armor |
| 23:47 | Build | Mining Camp |
| 24:18 | Age | Castle Age |
| 24:19 | Create | Steppe Lancer |
| 24:19 | Create | Steppe Lancer |
| 24:20 | Create | Steppe Lancer |
| 24:20 | Create | Steppe Lancer |
| 24:20 | Create | Steppe Lancer |
| 24:35 | Build | Town Center |
| 24:37 | Create | Steppe Lancer |
| 24:38 | Create | Steppe Lancer |
| 24:38 | Create | Steppe Lancer |
| 24:38 | Create | Steppe Lancer |
| 24:58 | Build | Town Center |
| 25:02 | Research | Husbandry |
| 25:03 | Create | Steppe Lancer |
| 25:26 | Create | Villager (Male) |
| 25:28 | Create | Steppe Lancer |
| 25:28 | Create | Steppe Lancer |
| 25:29 | Create | Villager (Male) |
| 25:43 | Create | Villager (Male) |
| 25:57 | Create | Villager (Male) |
| 26:22 | Create | Villager (Male) |
| 26:32 | Create | Steppe Lancer |
| 26:32 | Create | Steppe Lancer |
| 26:32 | Create | Steppe Lancer |
| 26:37 | Create | Villager (Male) |
| 26:42 | Build | Farm |
| 27:15 | Create | Villager (Male) |
| 27:15 | Create | Villager (Male) |
| 27:16 | Create | Villager (Male) |
| 27:23 | Create | Villager (Male) |
| 27:27 | Build | Farm |
| 27:35 | Create | Villager (Male) |
| 28:41 | Create | Villager (Male) |
| 28:41 | Create | Villager (Male) |
| 28:42 | Create | Villager (Male) |
| 28:44 | Build | Farm |
| 28:45 | Build | Farm |
| 28:51 | Create | Villager (Male) |
| 28:51 | Create | Villager (Male) |
| 28:55 | Build | Farm |
| 29:07 | Create | Villager (Male) |
| 29:07 | Create | Villager (Male) |
| 29:09 | Build | Farm |
| 29:23 | Create | Villager (Male) |
| 29:24 | Create | Villager (Male) |
| 29:28 | Create | Villager (Male) |
| 29:28 | Create | Villager (Male) |
| 29:41 | Create | Villager (Male) |
| 29:42 | Create | Villager (Male) |
| 29:48 | Create | Villager (Male) |
Build order — Saul carvajal 9
136 actions detected in the replay
| 0:03 | Create | Villager (Male) |
| 0:04 | Create | Villager (Male) |
| 0:04 | Create | Villager (Male) |
| 0:04 | Create | Villager (Male) |
| 0:04 | Create | Villager (Male) |
| 0:05 | Create | Villager (Male) |
| 0:07 | Build | House |
| 1:41 | Build | House |
| 1:46 | Build | House |
| 1:47 | Build | House |
| 1:55 | Create | Villager (Male) |
| 1:55 | Create | Villager (Male) |
| 2:13 | Create | Villager (Male) |
| 3:03 | Create | Villager (Male) |
| 3:03 | Create | Villager (Male) |
| 3:03 | Create | Villager (Male) |
| 3:19 | Build | Mill |
| 4:25 | Create | Villager (Male) ×2 |
| 4:25 | Create | Villager (Male) ×2 |
| 4:54 | Create | Villager (Male) |
| 4:54 | Create | Villager (Male) |
| 5:27 | Create | Villager (Male) |
| 5:27 | Create | Villager (Male) |
| 6:06 | Build | Lumber Camp |
| 6:12 | Create | Villager (Male) |
| 7:17 | Create | Villager (Male) |
| 7:39 | Research | Loom |
| 7:40 | Research | Feudal Age |
| 7:56 | Build | House |
| 7:58 | Build | House |
| 8:16 | Build | Barracks |
| 8:48 | Build | Palisade Wall |
| 8:59 | Build | Palisade Wall |
| 9:40 | Build | Palisade Wall |
| 9:54 | Build | Palisade Wall |
| 9:58 | Build | Palisade Wall |
| 10:36 | Build | Stable |
| 10:44 | Build | Farm |
| 10:44 | Build | Farm |
| 10:49 | Build | Farm |
| 11:00 | Build | Farm |
| 11:07 | Build | Blacksmith |
| 11:20 | Build | Palisade Wall |
| 11:25 | Create | Villager (Male) |
| 11:25 | Create | Villager (Male) |
| 11:26 | Create | Villager (Male) |
| 11:55 | Create | Scout Cavalry |
| 11:55 | Create | Scout Cavalry |
| 12:17 | Build | House |
| 12:18 | Build | House |
| 12:20 | Build | House |
| 12:29 | Build | Farm |
| 12:29 | Build | Farm |
| 12:47 | Build | Farm |
| 12:52 | Build | Farm |
| 13:10 | Create | Scout Cavalry |
| 13:35 | Build | Mining Camp |
| 13:40 | Create | Villager (Male) |
| 13:40 | Create | Villager (Male) |
| 13:43 | Create | Scout Cavalry |
| 15:28 | Research | Scale Barding Armor |
| 15:29 | Research | Forging |
| 15:32 | Create | Villager (Male) |
| 15:32 | Create | Villager (Male) |
| 15:32 | Create | Villager (Male) |
| 15:33 | Create | Villager (Male) |
| 15:39 | Build | Farm |
| 15:39 | Build | Farm |
| 15:44 | Build | Farm |
| 15:44 | Build | Farm |
| 16:35 | Build | Farm |
| 16:35 | Build | Farm |
| 16:47 | Build | Farm |
| 16:55 | Build | Farm |
| 16:55 | Build | Farm |
| 17:56 | Create | Villager (Male) |
| 17:56 | Create | Villager (Male) |
| 18:06 | Build | Farm |
| 18:07 | Build | Farm |
| 19:47 | Research | Castle Age |
| 19:51 | Research | Double-Bit Axe |
| 19:54 | Research | Horse Collar |
| 20:44 | Create | Villager (Male) |
| 20:45 | Create | Villager (Male) |
| 20:45 | Create | Villager (Male) |
| 21:41 | Create | Scout Cavalry |
| 21:41 | Create | Scout Cavalry |
| 22:32 | Create | Camel Scout |
| 22:32 | Create | Camel Scout |
| 23:32 | Create | Knight |
| 23:33 | Create | Knight |
| 23:33 | Create | Knight |
| 23:55 | Build | Town Center |
| 24:01 | Create | Villager (Male) |
| 24:01 | Create | Villager (Male) |
| 24:01 | Create | Villager (Male) |
| 24:02 | Create | Villager (Male) |
| 24:02 | Create | Villager (Male) |
| 24:02 | Create | Villager (Male) |
| 24:08 | Create | Knight |
| 24:08 | Create | Knight |
| 24:17 | Build | Stable |
| 24:40 | Research | Chain Barding Armor |
| 25:13 | Create | Villager (Male) ×5 |
| 25:13 | Create | Villager (Male) ×5 |
| 25:13 | Create | Villager (Male) ×5 |
| 26:07 | Build | Town Center |
| 26:23 | Research | Wheelbarrow |
| 26:23 | Create | Villager (Male) |
| 26:24 | Create | Villager (Male) |
| 26:24 | Create | Villager (Male) |
| 26:24 | Create | Villager (Male) |
| 26:46 | Build | Monastery |
| 26:54 | Create | Knight |
| 27:29 | Create | Villager (Male) |
| 27:29 | Create | Villager (Male) |
| 27:29 | Create | Villager (Male) |
| 27:49 | Create | Villager (Male) |
| 27:49 | Create | Villager (Male) |
| 27:52 | Create | Villager (Male) |
| 27:52 | Create | Villager (Male) |
| 28:04 | Create | Monk |
| 28:18 | Build | Stone Wall |
| 28:28 | Build | Stone Wall |
| 28:41 | Build | Stone Wall |
| 28:44 | Build | Stone Wall |
| 28:59 | Build | House |
| 29:03 | Build | House |
| 29:03 | Build | House |
| 29:04 | Build | House |
| 29:04 | Build | House |
| 29:05 | Build | House |
| 29:05 | Build | House |
| 29:05 | Build | House |
| 29:48 | Research | Stone Mining |
| 29:58 | Build | Stone Wall |
Build order — DSLG zlMataMoscaslz
First 150 of 195 actions detected
| 0:01 | Create | Villager (Male) |
| 0:01 | Create | Villager (Male) |
| 0:01 | Create | Villager (Male) |
| 0:01 | Create | Villager (Male) |
| 0:02 | Build | House |
| 0:03 | Build | House |
| 0:05 | Create | Villager (Male) |
| 0:06 | Create | Villager (Male) |
| 0:06 | Create | Villager (Male) |
| 0:19 | Research | Loom |
| 0:19 | Create | Villager (Male) |
| 0:19 | Create | Villager (Male) |
| 0:20 | Create | Villager (Male) |
| 0:20 | Create | Villager (Male) |
| 0:20 | Create | Villager (Male) |
| 0:20 | Create | Villager (Male) |
| 1:35 | Create | Villager (Male) |
| 1:35 | Create | Villager (Male) |
| 1:36 | Create | Villager (Male) |
| 2:19 | Create | Villager (Male) |
| 2:19 | Create | Villager (Male) |
| 2:36 | Create | Villager (Male) |
| 2:36 | Create | Villager (Male) |
| 3:00 | Create | Villager (Male) |
| 3:00 | Create | Villager (Male) |
| 3:31 | Create | Villager (Male) |
| 3:31 | Create | Villager (Male) |
| 3:46 | Build | Lumber Camp |
| 3:48 | Build | House |
| 3:49 | Build | House |
| 3:52 | Build | Palisade Wall |
| 4:06 | Create | Villager (Male) |
| 4:06 | Create | Villager (Male) |
| 4:37 | Build | Palisade Wall |
| 4:39 | Build | Palisade Wall |
| 4:42 | Build | Palisade Wall |
| 4:43 | Build | Palisade Wall |
| 5:15 | Create | Villager (Male) |
| 5:15 | Create | Villager (Male) |
| 5:15 | Create | Villager (Male) |
| 5:23 | Create | Villager (Male) |
| 5:23 | Create | Villager (Male) |
| 5:23 | Create | Villager (Male) |
| 5:52 | Create | Villager (Male) |
| 5:52 | Create | Villager (Male) |
| 5:52 | Create | Villager (Male) |
| 5:52 | Create | Villager (Male) |
| 6:00 | Build | House |
| 6:04 | Build | House |
| 6:07 | Build | Palisade Wall |
| 6:08 | Build | Palisade Wall |
| 6:09 | Build | Palisade Wall |
| 6:13 | Create | Villager (Male) |
| 6:14 | Create | Villager (Male) |
| 6:14 | Create | Villager (Male) |
| 6:46 | Build | Mill |
| 6:50 | Create | Villager (Male) |
| 6:51 | Create | Villager (Male) |
| 7:06 | Build | Mill |
| 8:29 | Build | Outpost |
| 8:34 | Create | Villager (Male) |
| 8:35 | Create | Villager (Male) |
| 8:35 | Create | Villager (Male) |
| 8:35 | Create | Villager (Male) |
| 8:55 | Create | Villager (Male) |
| 8:55 | Create | Villager (Male) |
| 8:55 | Create | Villager (Male) |
| 8:56 | Create | Villager (Male) |
| 9:02 | Create | Villager (Male) |
| 9:02 | Create | Villager (Male) |
| 9:03 | Create | Villager (Male) |
| 9:03 | Create | Villager (Male) |
| 9:07 | Create | Villager (Male) |
| 9:07 | Create | Villager (Male) |
| 9:16 | Create | Villager (Male) |
| 9:17 | Create | Villager (Male) |
| 9:17 | Create | Villager (Male) |
| 9:17 | Create | Villager (Male) |
| 9:44 | Create | Villager (Male) |
| 9:44 | Create | Villager (Male) |
| 9:44 | Create | Villager (Male) |
| 10:01 | Create | Villager (Male) |
| 10:19 | Create | Villager (Male) |
| 10:19 | Create | Villager (Male) |
| 10:19 | Create | Villager (Male) |
| 10:20 | Create | Villager (Male) |
| 10:20 | Create | Villager (Male) |
| 10:21 | Build | Mining Camp |
| 10:42 | Create | Villager (Male) |
| 10:42 | Research | Feudal Age |
| 10:43 | Research | Feudal Age |
| 10:56 | Build | Palisade Wall |
| 10:58 | Build | House |
| 11:02 | Build | House |
| 12:02 | Build | Farm |
| 12:03 | Build | Farm |
| 12:03 | Build | Farm |
| 12:03 | Build | Farm |
| 12:04 | Build | Farm |
| 12:34 | Create | Villager (Male) |
| 12:34 | Create | Villager (Male) |
| 13:18 | Build | House |
| 13:25 | Age | Feudal Age |
| 13:29 | Research | Double-Bit Axe |
| 13:29 | Research | Double-Bit Axe |
| 13:34 | Build | Blacksmith |
| 13:45 | Create | Villager (Male) |
| 14:17 | Research | Fletching |
| 14:17 | Research | Padded Archer Armor |
| 14:17 | Research | Fletching |
| 14:17 | Research | Padded Archer Armor |
| 14:17 | Research | Padded Archer Armor |
| 14:24 | Build | Barracks |
| 14:40 | Build | Palisade Wall |
| 14:41 | Build | Palisade Wall |
| 15:04 | Build | Archery Range |
| 15:06 | Build | Archery Range |
| 15:14 | Create | Villager (Male) |
| 15:15 | Create | Villager (Male) |
| 15:15 | Create | Villager (Male) |
| 15:15 | Create | Villager (Male) |
| 15:43 | Create | Villager (Male) |
| 15:43 | Create | Villager (Male) |
| 15:50 | Build | Archery Range |
| 16:15 | Create | Archer ×5 |
| 16:15 | Create | Archer ×5 |
| 16:15 | Create | Archer |
| 16:15 | Create | Archer ×4 |
| 16:30 | Create | Archer |
| 16:30 | Create | Archer |
| 16:31 | Create | Archer |
| 16:44 | Create | Archer |
| 16:45 | Create | Archer |
| 17:45 | Build | Town Center |
| 17:56 | Create | Archer ×3 |
| 17:57 | Create | Archer |
| 18:05 | Build | House |
| 18:06 | Build | House |
| 18:44 | Create | Archer ×2 |
| 18:45 | Create | Archer |
| 18:45 | Create | Archer ×2 |
| 18:53 | Create | Archer |
| 18:54 | Create | Archer |
| 19:20 | Build | Market |
| 20:08 | Build | Farm |
| 20:08 | Build | Farm |
| 20:08 | Build | Farm |
| 20:08 | Build | Farm |
| 20:09 | Build | Farm |
| 20:09 | Build | Farm |
Build order — Deer in an Ibex Suit
63 actions detected in the replay
| 0:03 | Create | Villager (Male) |
| 0:04 | Create | Villager (Male) |
| 0:06 | Build | House |
| 0:10 | Build | House |
| 0:15 | Create | Villager (Male) |
| 0:16 | Create | Villager (Male) |
| 0:16 | Create | Villager (Male) |
| 1:42 | Create | Villager (Male) |
| 2:11 | Create | Villager (Male) |
| 2:24 | Create | Villager (Male) |
| 2:46 | Build | Lumber Camp |
| 2:52 | Create | Villager (Male) |
| 3:22 | Create | Villager (Male) |
| 3:54 | Create | Villager (Male) |
| 4:07 | Build | Mill |
| 4:22 | Create | Villager (Male) |
| 4:53 | Create | Villager (Male) |
| 5:21 | Research | Loom |
| 5:42 | Create | Villager (Male) |
| 6:06 | Build | House |
| 6:09 | Create | Villager (Male) |
| 6:24 | Create | Villager (Male) |
| 6:37 | Create | Villager (Male) |
| 7:22 | Create | Villager (Male) |
| 7:48 | Create | Villager (Male) |
| 8:08 | Create | Villager (Male) |
| 8:13 | Build | House |
| 8:26 | Build | Mill |
| 8:41 | Create | Villager (Male) |
| 9:07 | Create | Villager (Male) |
| 9:36 | Create | Villager (Male) |
| 9:41 | Build | Mining Camp |
| 9:57 | Create | Villager (Male) |
| 10:28 | Create | Villager (Male) |
| 10:45 | Build | House |
| 10:53 | Build | Mill |
| 11:08 | Build | Farm |
| 11:10 | Build | Farm |
| 11:13 | Create | Villager (Male) |
| 11:43 | Build | Farm |
| 11:44 | Build | Farm |
| 12:03 | Build | Lumber Camp |
| 12:33 | Research | Feudal Age |
| 13:13 | Create | Villager (Male) |
| 14:03 | Create | Villager (Male) |
| 14:43 | Age | Feudal Age |
| 14:48 | Research | Double-Bit Axe |
| 15:12 | Build | Market |
| 15:19 | Create | Villager (Male) |
| 15:36 | Research | Horse Collar |
| 15:38 | Create | Villager (Male) |
| 15:41 | Build | Farm |
| 15:54 | Build | Mining Camp |
| 16:01 | Build | Farm |
| 16:17 | Build | House |
| 16:21 | Research | Town Watch |
| 16:25 | Build | Farm |
| 16:28 | Build | Farm |
| 16:30 | Build | Farm |
| 16:39 | Create | Villager (Male) |
| 16:59 | Build | Blacksmith |
| 17:14 | Build | Watch Tower |
| 18:26 | Research | Wheelbarrow |
Match timeline
| 3:52 | DSLG zlMataMoscaslz · wall_segment Palisade Wall x1 |
| 4:37 | DSLG zlMataMoscaslz · wall_segment Palisade Wall x1 |
| 4:39 | DSLG zlMataMoscaslz · wall_segment Palisade Wall x1 |
| 4:42 | DSLG zlMataMoscaslz · wall_segment Palisade Wall x1 |
| 4:43 | DSLG zlMataMoscaslz · wall_segment Palisade Wall x1 |
| 5:53 | borraznajera · wall_segment Palisade Wall x1 |
| 6:07 | DSLG zlMataMoscaslz · wall_segment Palisade Wall x1 |
| 6:08 | DSLG zlMataMoscaslz · wall_segment Palisade Wall x1 |
| 6:09 | DSLG zlMataMoscaslz · wall_segment Palisade Wall x1 |
| 7:06 | Prixmastx · first_building Barracks |
| 8:16 | Saul carvajal 9 · first_building Barracks |
| 8:48 | ElBalma · first_building Barracks |
| 8:48 | Saul carvajal 9 · wall_segment Palisade Wall x4 |
| 8:59 | Saul carvajal 9 · wall_segment Palisade Wall x3 |
| 9:37 | ElBalma · age_up feudal |
| 9:40 | Saul carvajal 9 · wall_segment Palisade Wall x1 |
| 9:42 | ElBalma · first_building Stable |
| 9:54 | Saul carvajal 9 · wall_segment Palisade Wall x5 |
| 9:58 | Saul carvajal 9 · wall_segment Palisade Wall x5 |
| 10:36 | Saul carvajal 9 · first_building Stable |
| 10:56 | DSLG zlMataMoscaslz · wall_segment Palisade Wall x1 |
| 11:11 | yougetcs · age_up feudal |
| 11:20 | Saul carvajal 9 · wall_segment Palisade Wall x6 |
| 11:58 | ElBalma · wall_segment Palisade Wall x6 |
| 11:59 | ElBalma · wall_segment Palisade Wall x3 |
| 12:07 | Prixmastx · first_building Archery Range |
| 12:18 | borraznajera · first_building Barracks |
| 12:29 | GERMANICO7222 · wall_segment Palisade Wall x4 |
| 12:45 | GERMANICO7222 · wall_segment Palisade Wall x4 |
| 13:25 | DSLG zlMataMoscaslz · age_up feudal |
| 13:35 | borraznajera · age_up feudal |
| 13:42 | yougetcs · wall_segment Stone Wall x11 |
| 14:02 | GERMANICO7222 · wall_segment Palisade Wall x1 |
| 14:11 | GERMANICO7222 · wall_segment Palisade Wall x7 |
| 14:24 | DSLG zlMataMoscaslz · first_building Barracks |
| 14:33 | GERMANICO7222 · first_building Barracks |
| 14:40 | DSLG zlMataMoscaslz · wall_segment Palisade Wall x1 |
| 14:41 | DSLG zlMataMoscaslz · wall_segment Palisade Wall x4 |
| 14:43 | Deer in an Ibex Suit · age_up feudal |
| 15:04 | DSLG zlMataMoscaslz · first_building Archery Range |
| 15:17 | yougetcs · wall_segment Stone Wall x1 |
| 15:31 | Prixmastx · wall_segment Palisade Wall x1 |
| 15:33 | Prixmastx · wall_segment Palisade Wall x1 |
| 15:35 | Prixmastx · wall_segment Palisade Wall x1 |
| 15:38 | Prixmastx · wall_segment Palisade Wall x1 |
| 15:47 | Prixmastx · wall_segment Palisade Wall x1 |
| 16:35 | yougetcs · age_up castle |
| 16:45 | borraznajera · first_building Stable |
| 17:01 | yougetcs · wall_segment Palisade Wall x1 |
| 17:10 | yougetcs · wall_segment Palisade Wall x1 |
| 17:33 | yougetcs · first_building Castle |
| 19:07 | Deer in an Ibex Suit · resign |
| 19:26 | yougetcs · first_building Siege Workshop |
| 20:18 | GERMANICO7222 · wall_segment Stone Wall x8 |
| 20:18 | Prixmastx · wall_segment Palisade Wall x4 |
| 20:50 | Prixmastx · wall_segment Palisade Wall x4 |
| 20:50 | ElBalma · first_market_sell 100 wood |
| 20:54 | ElBalma · first_market_buy 100 food |
| 20:59 | yougetcs · first_market_buy 100 stone |
| 21:21 | DSLG zlMataMoscaslz · wall_segment Palisade Wall x1 |
| 21:29 | DSLG zlMataMoscaslz · wall_segment Palisade Wall x1 |
| 21:34 | DSLG zlMataMoscaslz · wall_segment Palisade Wall x1 |
| 21:37 | Prixmastx · wall_segment Palisade Wall x1 |
| 21:39 | Prixmastx · wall_segment Palisade Wall x1 |
| 21:40 | Prixmastx · wall_segment Palisade Wall x1 |
| 21:42 | Prixmastx · wall_segment Palisade Wall x1 |
| 22:13 | GERMANICO7222 · first_building Castle |
| 22:42 | DSLG zlMataMoscaslz · wall_segment Palisade Wall x1 |
| 22:43 | DSLG zlMataMoscaslz · wall_segment Palisade Wall x1 |
| 23:36 | Prixmastx · first_market_buy 100 food |
| 24:18 | ElBalma · age_up castle |
| 25:16 | GERMANICO7222 · first_market_buy 100 stone |
| 25:27 | Prixmastx · wall_segment Palisade Wall x6 |
| 25:30 | Prixmastx · wall_segment Palisade Wall x14 |
| 25:32 | borraznajera · age_up castle |
| 25:53 | borraznajera · first_market_buy 100 stone |
| 25:57 | DSLG zlMataMoscaslz · first_market_buy 100 stone |
| 26:01 | GERMANICO7222 · wall_segment Stone Wall x13 |
| 26:04 | yougetcs · first_market_sell 100 wood |
| 26:46 | Saul carvajal 9 · first_building Monastery |
| 26:46 | DSLG zlMataMoscaslz · wall_segment Palisade Wall x3 |
| 27:01 | yougetcs · first_building Monastery |
| 27:58 | DSLG zlMataMoscaslz · age_up castle |
| 28:18 | Saul carvajal 9 · wall_segment Stone Wall x5 |
| 28:27 | DSLG zlMataMoscaslz · first_building Siege Workshop |
| 28:28 | Saul carvajal 9 · wall_segment Stone Wall x6 |
| 28:41 | Saul carvajal 9 · wall_segment Stone Wall x15 |
| 28:44 | Saul carvajal 9 · wall_segment Stone Wall x3 |
| 29:07 | yougetcs · first_building Barracks |
| 29:58 | Saul carvajal 9 · wall_segment Stone Wall x3 |
| 30:06 | DSLG zlMataMoscaslz · first_market_sell 100 wood |
[ AI ANALYSIS · 1 CREDIT ]
What really happened in this match?
Wolo.gg analyzes every decision: build order, eco, micro, common mistakes by bracket. Personalized analysis on WhatsApp or Discord in 30 seconds.
Civ guide
Celts
Map guide
MegaRandom
Perfil
yougetcs